Map: Oxide LE

Players

ShoWTimE

  • Race: Protoss Protoss
  • League: Grandmaster

HeroMarine - Winner!

  • Race: Terran Terran
  • League: Master

Event: DreamHack SC2 Masters 2021 Summer

VOD

Have the link to the VOD?

Description

Time

  • Played on: May 30, 2021, 12:20 p.m.
  • Length: 7:06

All games in this series

Show
View Real Time Build Order
Export as new Build Order

ShoWTimE Protoss 

Build Orders: 1 Gate Expand, Phoenix Opening, Blink Stalkers 

Get SALT Encoding   

  12  0:00  Probe  
  13  0:12  Probe  
  14  0:17  Pylon  
  14  0:24  Probe (Chrono Boost)  
  15  0:36  Probe (Chrono Boost)  
  15  0:37  Gateway  
  16  0:44  Probe (Chrono Boost)  
  16  0:45  Assimilator  
  17  0:50  Probe  
  18  1:03  Probe  
  19  1:15  Probe  
  20  1:24  Cybernetics Core  
  20  1:33  Nexus  
  20  1:36  Probe  
  21  1:44  Pylon  
  21  1:49  Probe  
  21  1:51  Assimilator  
  22  1:59  Adept (Chrono Boost)  
  22  2:01  Probe  
  23  2:04  Warp Gate  
  25  2:13  Probe  
  25  2:15  Pylon  
  26  2:22  Sentry (Chrono Boost)  
  26  2:25  Probe  
  29  2:39  Probe (Chrono Boost), Twilight Council  
  30  2:45  Probe (Chrono Boost)  
  30  2:47  Stalker  
  30  2:48  Phoenix  
  34  2:54  Probe x2 (Chrono Boost)  
  35  3:01  Probe  
  35  3:02  Gateway  
  35  3:03  Probe  
  37  3:13  Probe  
  37  3:15  Probe  
  39  3:20  Sentry  
  39  3:25  Probe, Blink (Chrono Boost)  
  42  3:27  Probe  
  43  3:37  Probe  
  43  3:39  Probe  
  45  3:45  Shield Battery  
  45  3:48  Shield Battery  
  45  3:50  Probe  
  45  3:51  Probe  
  45  3:54  Robotics Facility  
  47  4:02  Probe, Stalker  
  48  4:03  Probe  
  48  4:07  Pylon  
  51  4:11  Stalker  
  51  4:14  Probe  
  51  4:16  Pylon  
  54  4:24  Phoenix, Nexus  
  54  4:25  Probe  
  54  4:29  Probe  
  56  4:32  Stalker  
  56  4:34  Stalker  
  56  4:37  Probe, Assimilator  
  61  4:42  Probe  
  61  4:44  Observer  
  63  4:49  Gateway  
  63  4:51  Gateway  
  63  4:53  Probe  
  63  4:55  Gateway  
  63  4:56  Probe  
  65  5:00  Gateway  
  65  5:05  Probe  
  44  5:07  Charge (Chrono Boost)  
  66  5:11  Warp Prism  
  68  5:15  Pylon  
  68  5:23  Gateway  
  68  5:24  Gateway  
  68  5:26  Probe  
  70  5:28  Probe  
  70  5:33  Pylon  
  70  5:36  Sentry  
  70  5:37  Probe  
  70  5:38  Probe  
  70  5:40  Probe  
  76  5:50  Probe  
  76  5:52  Probe  
  80  6:03  Stalker  
  73  6:04  Zealot x3  
  73  6:06  Stalker  
  80  6:13  Stalker  
  80  6:18  Pylon  
  67  6:20  Stalker  
  67  6:21  Stalker  
  67  6:25  Zealot x3  
  73  6:32  Zealot  
Show
View Real Time Build Order
Export as new Build Order

HeroMarine Terran - Winner!

Build Orders:  

Get SALT Encoding   

  12  0:00  SCV  
  13  0:12  SCV  
  14  0:17  Supply Depot  
  14  0:24  SCV  
  15  0:38  SCV  
  15  0:40  Barracks  
  16  0:42  Refinery  
  16  0:50  SCV  
  17  1:03  SCV  
  18  1:15  SCV  
  19  1:27  Orbital Command, Marine  
  20  1:44  Command Center  
  20  1:51  Factory  
  20  1:54  SCV  
  21  2:03  Barracks Reactor  
  21  2:07  SCV  
  21  2:08  Supply Depot  
  22  2:19  SCV, Bunker  
  23  2:31  SCV  
  23  2:35  Hellion  
  26  2:41  Starport, Marine  
  26  2:42  Marine  
  26  2:43  SCV  
  29  2:56  Orbital Command, Hellion  
  29  2:57  SCV  
  32  2:59  Marine  
  32  3:02  Marine  
  34  3:08  Refinery  
  34  3:09  SCV  
  35  3:18  Medivac  
  39  3:20  Hellion  
  39  3:21  Marine x2  
  39  3:23  SCV  
  39  3:26  SCV  
  43  3:31  Supply Depot  
  43  3:37  SCV  
  43  3:38  SCV  
  43  3:39  Marine  
  46  3:41  Factory Tech Lab  
  46  3:43  Supply Depot  
  46  3:52  Marine  
  46  3:53  SCV x2, Starport Tech Lab  
  49  3:57  Marine  
  49  3:59  Supply Depot  
  49  4:01  Siege Tank  
  53  4:05  Barracks  
  53  4:08  SCV  
  54  4:10  SCV  
  55  4:20  SCV  
  55  4:22  Marine x2  
  58  4:31  Barracks  
  58  4:33  Siege Tank  
  61  4:39  Banshee, Marine  
  61  4:40  Marine  
  61  4:43  Supply Depot  
  68  4:49  Supply Depot  
  66  4:57  Marine x2  
  66  4:59  SCV x2  
  70  5:02  Barracks Tech Lab  
  70  5:03  Refinery  
  70  5:04  Engineering Bay  
  70  5:11  Marine, Siege Tank  
  76  5:14  Supply Depot  
  76  5:15  Marine x2  
  76  5:18  Marine  
  77  5:22  Banshee  
  77  5:24  SCV x2  
  82  5:29  Marine  
  82  5:33  Marine x2  
  85  5:35  Marine  
  85  5:37  SCV x2  
  88  5:44  Supply Depot  
  88  5:47  Marine  
  88  5:49  Siege Tank  
  88  5:51  Marine x2  
  88  5:53  Marine  
  87  6:04  SCV x2  
  89  6:05  Banshee, Marine  
  89  6:09  Marine x2  
  94  6:11  Marine  
  94  6:16  SCV x2  
  94  6:21  Siege Tank  
  94  6:22  Marine  
  96  6:26  Marine  
  96  6:27  Marine  
  96  6:28  SCV  
  96  6:29  Marine  
  96  6:31  SCV  
  100  6:40  Marine  
  100  6:44  Marine  
Tags
 
Add a new tag
Caveats
  • Supply blocks, unpowered buildings, or Contaminate may cause inaccurate times.
  • Supply counts are checked every 10 seconds.